| TOP OF THE 1ST |
|
Fresno Grizzlies batting - Pitching for Pawtucket Red Sox : RHP Kevin Akins
|
|
Pitching: RHP Kevin Akins
|
|
|
Batting: RHB Chang-wei Jiang
|
0-0: Called Strike 0-1: Ball 1-1: Fly out, F3 (Popup, 3F, EV 59.4 MPH)
|
|
Batting: LHB Anthony Howie
|
0-0: DOUBLE (Line Drive, 7LS, EV 104.4 MPH)
|
|
Batting: RHB Trevor Mock
|
0-0: Called Strike 0-1: Ground out 6-3 (Groundball, 4M, EV 83.8 MPH) Anthony Howie to third
|
|
Batting: LHB Sean Trueblood
|
0-0: Ball 1-0: SINGLE (Groundball, 56S, EV 72.5 MPH) (infield hit) Anthony Howie scores
|
|
Batting: RHB Dave Glenn
|
0-0: Swinging Strike 0-1: Foul Ball, location: 2F 0-2: Ball 1-2: SINGLE (Line Drive, 4D, EV 96.9 MPH) Sean Trueblood to second Runner from 2nd tries for 3rd, SAFE, throw by RF made to third
|
|
Batting: SHB Troy Kenyon
|
0-0: Ball 1-0: Foul Ball, location: 2F 1-1: Ball 2-1: Foul Ball, location: 2F 2-2: Foul Ball, location: 2F 2-2: Ball 3-2: Strikes out swinging
|
| Top of the 1st over - 1 run, 3 hits, 0 errors, 2 left on base; Fresno 1 - Pawtucket 0 |
| BOTTOM OF THE 1ST |
|
Pawtucket Red Sox batting - Pitching for Fresno Grizzlies : RHP Jon Manwaring
|
|
Pitching: RHP Jon Manwaring
|
|
|
Batting: RHB Mike Quackenbush
|
0-0: Ball 1-0: Ball 2-0: Called Strike 2-1: Ball 3-1: Foul Ball, location: 2F 3-2: Base on Balls
|
|
Batting: RHB Nate Dickinson
|
0-0: Called Strike 0-1: Ball 1-1: Fielders Choice at 2nd, 6-4 (Groundball, 56, EV 87.5 MPH)
|
|
Batting: RHB Marty King
|
0-0: Foul Ball, location: 2F 0-1: Ball 1-1: Called Strike 1-2: SINGLE (Line Drive, 4MD, EV 95.6 MPH) Nate Dickinson to second
|
|
Batting: SHB Marvin Lawrence
|
0-0: Called Strike 0-1: Called Strike 0-2: Ball 1-2: Fielders Choice at 2nd, 4-6 (Groundball, 4, EV 100.6 MPH) Nate Dickinson to third
|
|
Batting: SHB Ben Ervin
|
0-0: Ball 1-0: Called Strike 1-1: Ball 2-1: Foul Ball, location: 2F 2-2: Foul Ball, location: 2F 2-2: Ground out 4-3 (Groundball, 34, EV 85.6 MPH)
|
| Bottom of the 1st over - 0 runs, 1 hit, 0 errors, 2 left on base; Fresno 1 - Pawtucket 0 |
| TOP OF THE 2ND |
|
Fresno Grizzlies batting - Pitching for Pawtucket Red Sox : RHP Kevin Akins
|
|
Batting: LHB Chris Redding
|
0-0: DOUBLE (Line Drive, 89M, EV 102.5 MPH)
|
|
Batting: RHB Joe Berkhahn
|
0-0: SINGLE (Groundball, 6MD, EV 95.6 MPH) Chris Redding to third
|
|
Batting: RHB Tom Carico
|
0-0: Ball 1-0: Fielders Choice at 2nd, 4-6 (Groundball, 4M, EV 110.0 MPH) Chris Redding scores
|
|
Batting: RHB Chang-wei Jiang
|
0-0: Grounds into double play, 3-6-3 (Groundball, 34S, EV 80.0 MPH)
|
| Top of the 2nd over - 1 run, 2 hits, 0 errors, 0 left on base; Fresno 2 - Pawtucket 0 |
| BOTTOM OF THE 2ND |
|
Pawtucket Red Sox batting - Pitching for Fresno Grizzlies : RHP Jon Manwaring
|
|
Batting: LHB Justin Wenzel
|
0-0: Ground out 6-3 (Groundball, 6, EV 89.4 MPH)
|
|
Batting: LHB Mike Jones
|
0-0: Fly out, F9 (Flyball, 9D, EV 78.1 MPH)
|
|
Batting: LHB Noel Wilson
|
0-0: Ground out 1-3 (Groundball, 34S, EV 69.4 MPH)
|
| Bottom of the 2nd over - 0 runs, 0 hits, 0 errors, 0 left on base; Fresno 2 - Pawtucket 0 |
| TOP OF THE 3RD |
|
Fresno Grizzlies batting - Pitching for Pawtucket Red Sox : RHP Kevin Akins
|
|
Batting: LHB Anthony Howie
|
0-0: Ball 1-0: Ground out 4-3 (Groundball, 4, EV 108.1 MPH)
|
|
Batting: RHB Trevor Mock
|
0-0: TRIPLE (Line Drive, 78XD, EV 106.2 MPH)
|
|
Batting: LHB Sean Trueblood
|
0-0: Swinging Strike 0-1: Ball 1-1: Ball 2-1: Foul Ball, location: 2F 2-2: Strikes out swinging
|
|
Batting: RHB Dave Glenn
|
0-0: Fly out, F9 (Line Drive, 9, EV 95.6 MPH)
|
| Top of the 3rd over - 0 runs, 1 hit, 0 errors, 1 left on base; Fresno 2 - Pawtucket 0 |
| BOTTOM OF THE 3RD |
|
Pawtucket Red Sox batting - Pitching for Fresno Grizzlies : RHP Jon Manwaring
|
|
Batting: SHB Gus Cruz
|
0-0: Ball 1-0: Ball 2-0: Ball 3-0: Base on Balls
|
|
Batting: RHB Mike Quackenbush
|
0-0: Called Strike 0-1: Ground out 5-3 (Groundball, 56S, EV 68.8 MPH) Gus Cruz to second
|
|
Batting: RHB Nate Dickinson
|
0-0: Ground out 6-3 (Groundball, 6, EV 88.1 MPH) Gus Cruz to third
|
|
Batting: RHB Marty King
|
0-0: Foul Ball, location: 2F 0-1: Ground out 4-3 (Groundball, 4M, EV 93.8 MPH)
|
| Bottom of the 3rd over - 0 runs, 0 hits, 0 errors, 1 left on base; Fresno 2 - Pawtucket 0 |
| TOP OF THE 4TH |
|
Fresno Grizzlies batting - Pitching for Pawtucket Red Sox : RHP Kevin Akins
|
|
Batting: SHB Troy Kenyon
|
0-0: Ball 1-0: Ground out U3 (Groundball, 3S, EV 93.8 MPH)
|
|
Batting: LHB Chris Redding
|
0-0: Ball 1-0: Foul Ball, location: 2F 1-1: Called Strike 1-2: Ground out 6-3 (Groundball, 6, EV 95.0 MPH)
|
|
Batting: RHB Joe Berkhahn
|
0-0: Called Strike 0-1: Ball 1-1: SOLO HOME RUN (Flyball, 89XD, EV 100.0 MPH), Distance : 381 ft
|
|
Batting: RHB Tom Carico
|
0-0: Ball 1-0: SINGLE (Line Drive, 6MD, EV 94.4 MPH)
|
|
Batting: RHB Chang-wei Jiang
|
0-0: Fly out, F4 (Popup, 34D, EV 63.8 MPH)
|
| Top of the 4th over - 1 run, 2 hits, 0 errors, 1 left on base; Fresno 3 - Pawtucket 0 |
| BOTTOM OF THE 4TH |
|
Pawtucket Red Sox batting - Pitching for Fresno Grizzlies : RHP Jon Manwaring
|
|
Batting: SHB Marvin Lawrence
|
0-0: Ball 1-0: Called Strike 1-1: Fly out, F7 (Flyball, 7D, EV 91.9 MPH)
|
|
Batting: SHB Ben Ervin
|
0-0: Ball 1-0: Called Strike 1-1: Ball 2-1: Foul Ball, location: 2F 2-2: Ball 3-2: Base on Balls
|
|
Batting: LHB Justin Wenzel
|
0-0: Foul Ball, location: 2F 0-1: Called Strike 0-2: Fielders Choice at 2nd, 4-6 (Groundball, 4, EV 80.0 MPH)
|
|
Batting: LHB Mike Jones
|
0-0: Ball 1-0: Ball 2-0: Foul Ball, location: 2F 2-1: Ball 3-1: Ground out 4-3 (Groundball, 34D, EV 105.6 MPH)
|
| Bottom of the 4th over - 0 runs, 0 hits, 0 errors, 1 left on base; Fresno 3 - Pawtucket 0 |
| TOP OF THE 5TH |
|
Fresno Grizzlies batting - Pitching for Pawtucket Red Sox : RHP Kevin Akins
|
|
Batting: LHB Anthony Howie
|
0-0: Swinging Strike 0-1: SINGLE (Line Drive, 7LS, EV 90.0 MPH)
|
|
Batting: RHB Trevor Mock
|
0-0: Ball 1-0: Ball 2-0: Called Strike 2-1: Foul Ball, location: 2F 2-2: SINGLE (Flyball, 4MD, EV 96.2 MPH) Anthony Howie to second
|
|
Batting: LHB Sean Trueblood
|
0-0: Ball 1-0: Grounds into double play, 4-6-3 (Groundball, 34, EV 87.5 MPH) Anthony Howie to third
|
|
Batting: RHB Dave Glenn
|
0-0: Ball 1-0: Ball 2-0: Called Strike 2-1: Ball 3-1: Ground out U3 (Groundball, 3S, EV 90.6 MPH)
|
| Top of the 5th over - 0 runs, 2 hits, 0 errors, 1 left on base; Fresno 3 - Pawtucket 0 |
| BOTTOM OF THE 5TH |
|
Pawtucket Red Sox batting - Pitching for Fresno Grizzlies : RHP Jon Manwaring
|
|
Batting: LHB Noel Wilson
|
0-0: Swinging Strike 0-1: Fly out, F7 (Line Drive, 7D, EV 100.0 MPH)
|
|
Batting: SHB Gus Cruz
|
0-0: Called Strike 0-1: Ground out 4-3 (Groundball, 4S, EV 70.0 MPH)
|
|
Batting: RHB Mike Quackenbush
|
0-0: Ball 1-0: Fly out, F3 (Popup, 34S, EV 70.6 MPH)
|
| Bottom of the 5th over - 0 runs, 0 hits, 0 errors, 0 left on base; Fresno 3 - Pawtucket 0 |
| TOP OF THE 6TH |
|
Fresno Grizzlies batting - Pitching for Pawtucket Red Sox : RHP Kevin Akins
|
|
Batting: SHB Troy Kenyon
|
0-0: Swinging Strike 0-1: Swinging Strike 0-2: Ball 1-2: Strikes out swinging
|
|
Batting: LHB Chris Redding
|
0-0: Foul Ball, location: 2F 0-1: Fly out, F9 (Flyball, 89S, EV 96.9 MPH)
|
|
Batting: RHB Joe Berkhahn
|
0-0: DOUBLE (Flyball, 8LXD, EV 101.9 MPH)
|
|
Batting: RHB Tom Carico
|
0-0: Ball 1-0: Fly out, F9 (Line Drive, 9, EV 98.8 MPH)
|
| Top of the 6th over - 0 runs, 1 hit, 0 errors, 1 left on base; Fresno 3 - Pawtucket 0 |
| BOTTOM OF THE 6TH |
|
Pawtucket Red Sox batting - Pitching for Fresno Grizzlies : RHP Jon Manwaring
|
|
Batting: RHB Nate Dickinson
|
0-0: Swinging Strike 0-1: Ball 1-1: Foul Ball, location: 2F 1-2: Ball 2-2: Ball 3-2: Strikes out swinging
|
|
Batting: RHB Marty King
|
0-0: Ball 1-0: Ball 2-0: Swinging Strike 2-1: Called Strike 2-2: Strikes out swinging
|
|
Batting: SHB Marvin Lawrence
|
0-0: Ball 1-0: Ball 2-0: Swinging Strike 2-1: Fly out, F8 (Line Drive, 8LD, EV 85.0 MPH)
|
| Bottom of the 6th over - 0 runs, 0 hits, 0 errors, 0 left on base; Fresno 3 - Pawtucket 0 |
| TOP OF THE 7TH |
|
Fresno Grizzlies batting - Pitching for Pawtucket Red Sox : RHP Kevin Akins
|
|
Batting: RHB Chang-wei Jiang
|
0-0: Called Strike 0-1: Ball 1-1: Fly out, F9 (Line Drive, 9, EV 99.4 MPH)
|
|
Batting: LHB Anthony Howie
|
0-0: Swinging Strike 0-1: Ball 1-1: Ball 2-1: Ball 3-1: SINGLE (Groundball, 4D, EV 106.2 MPH)
|
|
Batting: RHB Trevor Mock
|
0-0: Fly out, F3 (Popup, 3F, EV 62.5 MPH)
|
|
Batting: LHB Sean Trueblood
|
0-0: Ball 1-0: Ball 2-0: Fly out, F7 (Flyball, 7S, EV 86.2 MPH)
|
| Top of the 7th over - 0 runs, 1 hit, 0 errors, 1 left on base; Fresno 3 - Pawtucket 0 |
| BOTTOM OF THE 7TH |
|
Pawtucket Red Sox batting - Pitching for Fresno Grizzlies : RHP Jon Manwaring
|
|
Batting: SHB Ben Ervin
|
0-0: Called Strike 0-1: Ball 1-1: Foul Ball, location: 2F 1-2: Ball 2-2: Ground out 4-3 (Groundball, 4, EV 98.1 MPH)
|
|
Batting: LHB Justin Wenzel
|
0-0: Ground out 4-3 (Groundball, 4, EV 87.5 MPH)
|
|
Batting: LHB Mike Jones
|
0-0: Foul Ball, location: 2F 0-1: Ground out 1-3 (Groundball, 13S, EV 69.4 MPH)
|
| Bottom of the 7th over - 0 runs, 0 hits, 0 errors, 0 left on base; Fresno 3 - Pawtucket 0 |
| TOP OF THE 8TH |
|
Fresno Grizzlies batting - Pitching for Pawtucket Red Sox : RHP Kevin Akins
|
|
Batting: RHB Dave Glenn
|
0-0: SINGLE (Flyball, 34D, EV 93.1 MPH)
|
|
Batting: SHB Troy Kenyon
|
0-0: Ball 1-0: Bunt missed! 1-1: Bunt - Flyout to 13S! F1
|
|
Batting: LHB Chris Redding
|
0-0: Called Strike 0-1: Ball 1-1: Called Strike 1-2: Foul Ball, location: 2F 1-2: Ball 2-2: Strikes out looking
|
|
Batting: RHB Joe Berkhahn
|
0-0: Ball 1-0: Ball 2-0: Ball 3-0: Called Strike 3-1: Foul Ball, location: 2F 3-2: Foul Ball, location: 2F 3-2: Strikes out looking
|
| Top of the 8th over - 0 runs, 1 hit, 0 errors, 1 left on base; Fresno 3 - Pawtucket 0 |
| BOTTOM OF THE 8TH |
|
Pawtucket Red Sox batting - Pitching for Fresno Grizzlies : RHP Jon Manwaring
|
|
Batting: LHB Noel Wilson
|
0-0: Ball 1-0: Fly out, F8 (Line Drive, 8LM, EV 96.2 MPH)
|
|
Batting: SHB Gus Cruz
|
0-0: Called Strike 0-1: SINGLE (Groundball, 4MD, EV 94.4 MPH)
|
|
Batting: RHB Mike Quackenbush
|
0-0: Foul Ball, location: 2F 0-1: Fielders Choice at 2nd, 3-6 (Groundball, 34, EV 84.4 MPH)
|
|
Pinch Hitting: LHB Shoichi Aso
|
0-0: Foul Ball, location: 2F 0-1: Ball 1-1: Called Strike 1-2: Ball 2-2: Fly out, F8 (Flyball, 78D, EV 92.5 MPH)
|
| Bottom of the 8th over - 0 runs, 1 hit, 0 errors, 1 left on base; Fresno 3 - Pawtucket 0 |
| TOP OF THE 9TH |
|
Fresno Grizzlies batting - Pitching for Pawtucket Red Sox : RHP Kevin Akins
|
|
Pitching: RHP John Jordan
|
|
|
Now in CF: Shoichi Aso
|
|
|
Batting: RHB Tom Carico
|
0-0: Called Strike 0-1: Called Strike 0-2: Ball 1-2: Foul Ball, location: 2F 1-2: Foul Ball, location: 2F 1-2: Strikes out swinging
|
|
Batting: RHB Chang-wei Jiang
|
0-0: Called Strike 0-1: Ground out 6-3 (Groundball, 6, EV 91.2 MPH)
|
|
Batting: LHB Anthony Howie
|
0-0: Foul Ball, location: 2F 0-1: Ball 1-1: Foul Ball, location: 2F 1-2: Ball 2-2: Strikes out looking
|
| Top of the 9th over - 0 runs, 0 hits, 0 errors, 0 left on base; Fresno 3 - Pawtucket 0 |
| BOTTOM OF THE 9TH |
|
Pawtucket Red Sox batting - Pitching for Fresno Grizzlies : RHP Jon Manwaring
|
|
Pitching: RHP Jose Guajardo
|
|
|
Batting: RHB Marty King
|
0-0: Called Strike 0-1: Called Strike 0-2: Foul Ball, location: 2F 0-2: Fly out, F7 (Flyball, 78M, EV 92.5 MPH)
|
|
Batting: SHB Marvin Lawrence
|
0-0: Swinging Strike 0-1: Foul Ball, location: 2F 0-2: Foul Ball, location: 2F 0-2: Ball 1-2: Ball 2-2: Ground out 5-3 (Groundball, 6, EV 78.1 MPH)
|
|
Batting: SHB Ben Ervin
|
0-0: Ball 1-0: Ground out U3 (Groundball, 3S, EV 84.4 MPH)
|
| Bottom of the 9th over - 0 runs, 0 hits, 0 errors, 0 left on base; Fresno 3 - Pawtucket 0 |
|